Map: Blueshift LE

Players

Woogie

  • Race: Zerg Zerg
  • League: Diamond
  • Spawn Location: 1:00

Michael - Winner!

  • Race: Zerg Zerg
  • League: Diamond
  • Spawn Location: 7:00

VOD

Have the link to the VOD?

Description

Not sure how I lost this one. There were 16 games played this day.

Time

  • Played on: Sept. 17, 2018, 3:15 p.m.
  • Length: 11:41
Show
View Real Time Build Order
Export as new Build Order

Woogie Zerg 

Build Orders: Pool First 

Get SALT Encoding   

  12  0:01  Drone  
  13  0:13  Overlord  
  13  0:17  Drone  
  14  0:31  Drone x2  
  16  0:38  Drone  
  17  0:45  Spawning Pool  
  17  0:47  Drone  
  17  1:08  Hatchery  
  16  1:13  Drone  
  16  1:16  Extractor  
  16  1:17  Drone  
  17  1:20  Drone  
  18  1:31  Queen  
  20  1:33  Drone  
  21  1:40  Overlord  
  21  1:51  Zergling x2  
  22  2:08  Spine Crawler  
  21  2:11  Spine Crawler, Zergling x2  
  21  2:22  Queen  
  14  2:40  Drone x3  
  14  2:41  Drone x3  
  15  3:25  Drone x5  
  20  3:35  Roach Warren  
  20  3:40  Drone x2  
  21  3:57  Overlord  
  21  4:12  Lair  
  21  4:15  Roach x4  
  29  4:21  Drone  
  30  4:36  Drone  
  32  4:52  Drone  
  32  4:55  Roach x2  
  36  5:13  Hatchery  
  37  5:14  Roach  
  37  5:16  Overlord x2  
  37  5:21  Drone  
  38  5:22  Extractor  
  37  5:32  Drone  
  37  5:34  Drone  
  37  5:35  Drone x2  
  41  5:45  Evolution Chamber  
  41  5:46  Drone  
  41  6:02  Roach x3  
  41  6:03  Roach x2  
  51  6:06  Glial Reconstitution  
  51  6:20  Zergling x2  
  52  6:35  Overlord  
  52  6:36  Overlord  
  52  6:37  Zerg Missile Weapons Level 1  
  52  6:51  Drone x4  
  56  7:13  Hatchery  
  55  7:28  Roach x7  
  55  7:29  Roach  
  71  7:30  Overseer  
  71  7:43  Tunneling Claws  
  71  8:03  Roach x2  
  75  8:37  Overlord x4  
  75  8:54  Queen x2  
  79  8:57  Roach  
  79  9:00  Roach  
  79  9:01  Roach x5  
  93  9:10  Zerg Missile Weapons Level 2  
  93  9:15  Hydralisk Den, Drone  
  79  9:46  Roach  
  79  9:47  Roach x7  
  83  10:02  Roach  
  83  10:03  Roach x2  
  73  10:07  Drone x3  
  73  10:09  Extractor  
  61  10:17  Drone  
  61  10:18  Drone x2  
  64  10:37  Drone x3  
  64  10:38  Drone x3  
  70  10:45  Extractor  
  70  10:46  Roach x3  
  70  10:48  Drone x2  
  77  11:06  Roach x5  
Show
View Real Time Build Order
Export as new Build Order

Michael Zerg - Winner!

Build Orders: Pool First 

Get SALT Encoding   

  12  0:01  Drone  
  13  0:08  Drone  
  14  0:25  Spawning Pool  
  13  0:29  Drone  
  13  0:32  Extractor  
  13  0:35  Drone  
  13  0:42  Extractor  
  13  0:43  Drone  
  13  0:49  Overlord  
  15  1:13  Zergling x6  
  15  1:17  Baneling Nest  
  17  1:24  Zergling x2  
  18  1:27  Queen  
  20  1:35  Zergling x2  
  21  1:46  Overlord  
  21  1:53  Metabolic Boost  
  21  2:00  Zergling x2  
  22  2:03  Baneling  
  22  2:07  Zergling x2  
  23  2:11  Baneling  
  23  2:22  Zergling x2  
  24  2:26  Baneling  
  22  2:44  Baneling x2  
  20  2:46  Zergling x8  
  23  3:06  Zergling x4  
  24  3:13  Zergling x2  
  24  3:23  Drone  
  25  3:28  Hatchery, Drone  
  25  3:37  Drone  
  25  3:38  Drone  
  27  3:52  Drone x2  
  29  4:14  Overlord  
  29  4:16  Overlord  
  29  4:18  Drone  
  29  4:21  Baneling  
  29  4:22  Baneling  
  29  4:55  Drone x2  
  29  4:58  Drone  
  29  4:59  Drone x4  
  34  5:19  Evolution Chamber  
  34  5:20  Queen x2, Evolution Chamber  
  34  5:21  Roach Warren  
  35  5:23  Spine Crawler  
  34  5:33  Drone  
  34  5:34  Drone x4  
  34  5:35  Drone  
  40  5:49  Zerg Missile Weapons Level 1, Zerg Ground Armor Level 1  
  40  5:51  Drone  
  40  5:53  Drone  
  42  6:17  Lair  
  42  6:19  Drone  
  42  6:20  Extractor  
  42  6:21  Extractor, Drone  
  42  6:22  Extractor, Drone x2  
  42  6:23  Drone x2  
  45  6:32  Drone  
  46  6:33  Drone x2  
  46  6:35  Drone x3  
  51  6:40  Overlord  
  51  6:49  Overlord x3  
  51  6:58  Pneumatized Carapace  
  51  7:04  Drone x4  
  51  7:05  Roach x2  
  59  7:10  Overlord x2  
  59  7:16  Glial Reconstitution  
  59  7:18  Roach x2  
  63  7:25  Roach  
  65  7:30  Roach  
  65  7:34  Roach x4  
  75  7:37  Ravager x2  
  75  7:40  Roach  
  79  7:46  Overseer  
  79  7:52  Unknown  
  79  7:53  Zerg Missile Weapons Level 2  
  79  7:59  Zerg Ground Armor Level 2  
  79  8:00  Overlord x2  
  79  8:11  Roach  
  79  8:12  Roach x3  
  84  8:21  Roach x2  
  87  8:38  Burrow  
  87  8:41  Roach x2  
  87  8:47  Overlord  
  91  8:50  Hatchery  
  82  9:01  Roach x6  
  91  9:25  Roach  
  91  9:26  Roach x3  
  95  9:36  Roach x2  
  89  9:49  Zergling x2  
  89  9:50  Zergling x12  
  85  9:53  Roach Warren  
  65  10:07  Zergling x8  
  67  10:16  Drone  
  67  10:17  Drone x7  
  75  10:35  Roach x5  
  85  10:44  Roach x3  
  85  10:49  Roach x6, Ravager  
  92  10:50  Ravager  
  92  10:51  Ravager x4  
  92  10:52  Ravager  
  92  10:56  Roach  
Tags
 
Add a new tag
Caveats
  • Supply blocks, unpowered buildings, or Contaminate may cause inaccurate times.
  • Supply counts are checked every 10 seconds.